 Dungeon Crawl Stone Soup version 0.30-b1-2-g02819fbbbe (webtiles) character file.

Game seed: 12121163273615667447

2528 sanka the Nimble (level 9, 0/117 HPs)
             Began as a Merfolk Fire Elementalist on May 14, 2023.
             Slain by a hornet (6 damage)
             ... on level 7 of the Dungeon.
             The game lasted 00:16:01 (9795 turns).

sanka the Nimble (Merfolk Fire Elementalist)        Turns: 9795, Time: 00:16:02

Health: 0/117      AC: 24    Str:  8    XL:     9   Next: 54%
Magic:  9/12       EV:  2    Int: 15    God:
Gold:   246        SH:  0    Dex: 18    Spells: 11/12 levels left

rFire   . . .        (no weapon)
rCold   . . .        (no shield)
rNeg    . . .        A - melded +0 robe of the Moon {rCorr}
rPois   +            (helmet currently unavailable)
rElec   .            (cloak currently unavailable)
rCorr   .            n - melded +0 pair of gloves
SInv    .            e - melded +0 pair of boots
Will    .....        (no amulet)
Stlth   ++           (no ring)
HPRegen 0.39/turn    (no ring)
MPRegen 0.13/turn

%: no passive effects
@: lethally poisoned (0 -> -3), tree-form
A: stationary, stasis, torment immunity, boosted hp, (nimble swimmer 2),
(mertail)
a: no special abilities


You were on level 7 of the Dungeon.
You were a tree.
You visited 1 branch of the dungeon, and saw 7 of its levels.

You collected 246 gold pieces.

Inventory:

Hand Weapons
 m - a +0 morningstar
 p - a +0 battleaxe
 q - a +0 lajatang
 y - a +0 halberd
Missiles
 f - 32 poisoned darts
Armour
 e - a +0 pair of boots (melded)
 n - a +0 pair of gloves (melded)
 A - the +0 robe of the Moon (melded) {rCorr}
   (You found it on level 6 of the Dungeon)

   rCorr:     It protects you from acid and corrosion.
Magical Staves
 j - a staff of earth
Wands
 a - a wand of roots (12)
 x - a wand of digging (6)
Scrolls
 c - a scroll of blinking
 g - 3 scrolls of enchant weapon
 h - 2 scrolls of poison {!r}
 k - 2 scrolls of teleportation {@r4}
 l - 4 scrolls of fear
 r - a scroll of amnesia
 v - a scroll of torment {!r}
 B - a scroll of immolation {unknown}
Potions
 b - 2 potions of magic
 d - a potion of brilliance {unknown}
 i - a potion of berserk rage {!q}
 o - 2 potions of heal wounds {@q2}
 s - a potion of attraction {unknown}
 t - 2 potions of flight {unknown}
 u - a potion of mutation {unknown}
 w - 3 potions of lignification {!q}
 z - a potion of haste {unknown}
 C - a potion of ambrosia {unknown}


   Skills:
 + Level 9.7 Fighting
 + Level 11.8 Dodging
 - Level 2.1 Stealth
 - Level 2.0 Spellcasting
 - Level 0.7 Conjurations
 - Level 2.1 Fire Magic


You had 11 spell levels left.
You knew the following spells:

 Your Spells              Type           Power      Damage    Failure   Level
a - Foxfire               Conj/Fire      20%        2x1d5     12%         1

Your spell library contained the following spells:

 Spells                   Type           Power      Damage    Failure   Level
 Scorch                   Fire           16%        2d6       14%         2
 Inner Flame              Hex/Fire       4%         N/A       38%         3
 Volatile Blastmotes      Fire/Tloc      8%         2d10      38%         3
 Stone Arrow              Conj/Erth      4%         3d7       50%         3
 Confusing Touch          Hex            1%         N/A       54%         3
 Tukima's Dance           Hex            1%         N/A       54%         3
 Flame Wave               Conj/Fire      5%         2d5       77%         4
 Fulminant Prism          Conj/Hex       1%         3d5       88%         4
 Animate Armour           Summ/Erth      2%         N/A       91%         4
 Summon Forest            Summ/Tloc      0%         N/A       99%         5
 Eringya's Noxious Bog    Tmut/Pois      0%         N/A       100%        6
 Summon Hydra             Summ           0%         N/A       100%        7
 Lehudib's Crystal Spear  Conj/Erth      1%         10d2      100%        8


Dungeon Overview and Level Annotations

Branches:
Dungeon (7/15)             Temple (0/1) D:7

Altars:
Dithmenos
Gozag
Hepliaklqana
Xom
Yredelemnul

Annotations:
D:5 2 transporters, Dirian's ghost, novice MiBe; Dowan; Duvessa


Innate Abilities, Weirdness & Mutations

You are a tree.
Your roots penetrate the ground, keeping you stationary.
You cannot be teleported.
You are immune to unholy pain and torment.
Your maximum health is greatly increased.
Your equipment is partially melded.
((You are very nimble when in or above water. (Stealth+, EV+, Speed+++)))
((Your lower body shifts to a powerful aquatic tail in water.))


Message History

The hornet is almost dead.
You feel sick.
The hornet stings you but does no damage.
The hornet stings you.
* * * LOW HITPOINT WARNING * * *
You are lethally poisoned!
Unknown command.
You hit the hornet.
The hornet is almost dead.
You feel yourself speed up.
* * * LOW HITPOINT WARNING * * *
You feel very sick.
The hornet stings you but does no damage. x2
Unknown command.
Unknown command.
It was a potion of heal wounds.
You feel much better.
You feel very sick.
The hornet stings you but does no damage. x2
Unknown command.
You hit the hornet.
The hornet is almost dead.
You feel sick. The hornet barely misses you.
Unknown command.
You barely miss the hornet.
The hornet is almost dead.
You feel sick.
The hornet stings you but does no damage.
The hornet barely misses you.
Unknown command.
You closely miss the hornet.
The hornet is almost dead.
You feel sick. The hornet stings you!
* * * LOW HITPOINT WARNING * * *
Unknown command.
You hit the hornet but do no damage.
The hornet is almost dead.
You feel sick.
The hornet stings you but does no damage.
The hornet stings you.
You die...

#..# #...# #..#
##...# #..# ##...
#).## ##..#
##...###...##
#...........####
.........##....##
.......#.#####.†###
.....##...# ##.♣.#
##..###........y..#
#### #....#(#....#
#...#.#.#...#
#.[#.#.#.#.!#
##..#.>.#...#
.#.#.#.#..#
..#.#.#...#


You could see a hornet.

Vanquished Creatures
  Eustachio (D:3)
  2 water moccasins (D:6)
  2 black bears (D:7)
  3 ice beasts
  A sky beast (D:7)
  4 ogres
  2 phantoms
  2 kobold brigands (D:6)
  A bullfrog (D:6)
  4 scorpions
  A vampire bat (D:5)
  2 jellies (D:7)
  2 orc priests
  3 hounds
  A sleepcap (D:5)
  Jessica (D:3)
  3 iguanas
  Terence (D:2)
  2 orc wizards
  3 gnolls (D:5)
  4 adders
  A shadow imp (D:7)
  An ufetubus (D:6)
  4 worms
  2 dart slugs
  3 fire bats (D:5)
  11 orcs
  2 spectral bats (D:5)
  16 bats
  A bat simulacrum (D:5)
  3 bat skeletons (D:5)
  A bat zombie (D:5)
  6 endoplasms
  2 giant cockroaches
  7 goblins
  4 hobgoblins
  3 quokkas
  9 ball pythons
  2 frilled lizards (D:1)
  15 kobolds
  5 rats
143 creatures vanquished.

Vanquished Creatures (others)
  396 foxfires
396 creatures vanquished.

Grand Total: 539 creatures vanquished

Notes
Turn   | Place    | Note
-------+----------+-------------------------------------------
     0 | D:1      | sanka the Merfolk Fire Elementalist began the quest for the
                  | Orb.
     0 | D:1      | Reached XP level 1. HP: 13/13 MP: 3/3
   399 | D:1      | Reached skill level 3 in Dodging
   482 | D:1      | Reached skill level 1 in Fighting
   496 | D:1      | Reached XP level 2. HP: 21/21 MP: 5/5
  1357 | D:2      | Noticed Terence
  1515 | D:2      | Killed Terence
  1516 | D:2      | Reached skill level 4 in Dodging
  1516 | D:2      | Reached XP level 3. HP: 28/28 MP: 3/6
  2090 | D:2      | Reached XP level 4. HP: 20/34 MP: 7/7
  2930 | D:3      | Reached skill level 5 in Dodging
  3112 | D:3      | Reached XP level 5. HP: 41/41 MP: 4/8
  3274 | D:3      | Got Waic's Tractate on Enchantment
  3404 | D:3      | Noticed Jessica
  3410 | D:3      | Killed Jessica
  4290 | D:4      | Noticed Eustachio
  4555 | D:3      | Killed Eustachio
  4556 | D:3      | Reached skill level 6 in Dodging
  4556 | D:3      | Reached XP level 6. HP: 49/49 MP: 4/9
  4837 | D:4      | Found a shimmering altar of Xom.
  4860 | D:4      | Found a shadowy altar of Dithmenos.
  5059 | D:5      | Entered Level 5 of the Dungeon
  5070 | D:5      | Reached skill level 5 in Fighting
  5128 | D:5      | Reached skill level 7 in Dodging
  5128 | D:5      | Reached XP level 7. HP: 56/56 MP: 0/10
  5227 | D:5      | Found a transporter.
  5230 | D:5      | Noticed Dirian's ghost (novice MiBe)
  5769 | D:5      | Found an opulent altar of Gozag.
  5826 | D:5      | Reached skill level 8 in Dodging
  5826 | D:5      | Found a transporter.
  5826 | D:5      | Noticed Dowan
  6040 | D:5      | Reached XP level 8. HP: 65/65 MP: 5/11
  6376 | D:5      | Noticed Duvessa
  6454 | D:5      | Found a basalt altar of Yredelemnul.
  6682 | D:6      | Reached skill level 9 in Dodging
  7467 | D:6      | Reached skill level 10 in Dodging
  8004 | D:6      | Reached XP level 9. HP: 75/75 MP: 6/12
  8692 | D:6      | Identified the +0 robe of the Moon {rCorr}
  9046 | D:6      | Reached skill level 11 in Dodging
  9568 | D:7      | Found a hazy altar of Hepliaklqana.
  9742 | D:7      | Found a staircase to the Ecumenical Temple.
  9743 | D:7      | Noticed a hornet
  9795 | D:7      | Slain by a hornet

Illustrated notes

Levels and vault maps discovered:
D:1:      ncdulo_smallfort, layout_basic, minmay_misc_feat_chi,
          nicolae_wormholes
D:2:      layout_loops_corners, serial_bayou_crossing, uniq_terence
D:3:      layout_basic, uniq_jessica
D:4:      minmay_evil_eye, layout_cave_pools, mainiacjoe_overflow_alcove_4,
          mainiacjoe_overflow_catwalk, dk_vineyard_3, chequers_mini_garden,
          uniq_eustachio
D:5:      cheibrodos_quashed, layout_basic, grunt_gozag_statues,
          general_overflow_altar, gammafunk_ghost_stat_death, goddamned_bats,
          uniq_duvessa
D:6:      layout_layer_cave
D:7:      layout_layer_cave, lemuel_round_altar,
          chequers_temple_overflow_statue_of_worship, minmay_temple_entry_grid

Skill      XL: |  1  2  3  4  5  6  7  8  9 |
---------------+----------------------------+-----
Dodging        | 3 4 5 6 7 8 10 11 | 11.8
Fighting       | 1 2 3 4 5 6 8 9 |  9.7
Stealth        | |  2.1
Spellcasting   | |  2.0
Conjurations   | |  0.7
Fire Magic     | |  2.1

Action                     |  1- 3 |  4- 6 |  7- 9 || total
---------------------------+-------+-------+-------++-------
  Melee: Mace              |    25 |       |       ||    25
         Unarmed           |     9 |       |    11 ||    20
         Morningstar       |    30 |    21 |       ||    51
         Lajatang          |       |    76 |   291 ||   367
   Cast: Foxfire           |    36 |    79 |   120 ||   235
    Use: Scroll            |       |       |     8 ||     8
         Potion            |       |       |     3 ||     3
   Stab: Sleeping          |     4 |     2 |     3 ||     9
 Armour: Robe              |    10 |    39 |    88 ||   137
         Skin              |     1 |       |    15 ||    16
  Dodge: Dodged            |    48 |   117 |   441 ||   606
